 Seeded DCSS version 0.31-a0-175-g9f7f995f2b (webtiles) character file.

Game seed: 11697059700666758213 (custom seed)

13197 innerfire43 the Spear-Bearer (level 11, -5/80 HPs)
             Began as a Demonspawn Monk on June 16, 2023.
             Was a High Priest of Nemelex Xobeh.
             Slain by a tengu warrior
             ... wielding a +1 heavy war axe
             ... summoned by a boggart
              (6 damage)
             ... in a Gauntlet.
             The game lasted 00:22:03 (10262 turns).

innerfire43 the Spear-Bearer (Demonspawn Monk)     Turns: 10262, Time: 00:22:03

Health: -5/80      AC: 20    Str: 15    XL:     11   Next: 72%
Magic:  20/20      EV:  6    Int: 11    God:    Nemelex Xobeh [*****.]
Gold:   571        SH:  8    Dex: 17    Spells: 10/10 levels left

rFire   + . .        e - +8 lance "Wyrmbane" {slay drac, rPois rF+ rC+ AC+3}
rCold   + . .        d - orb {light}
rNeg    . . .        y - +1 plate armour {Will+}
rPois   +            s - +0 helmet
rElec   .            (cloak unavailable)
rCorr   .            (no gloves)
SInv    .            H - +0 pair of boots
Will    +....        (no amulet) Stlth
                     h - ring of magical power
HPRegen 0.33/turn    A - ring of flight
MPRegen 0.17/turn

%: no teleportation
@: flying, slowed, glowing, very slow
A: large bone plates 3, foul stench 3, weakness stinger 3
a: Renounce Religion, Draw Escape, Draw Destruction, Draw Summoning, Triple
Draw, Deal Four, Stack Five


You were in a Gauntlet.
You worshipped Nemelex Xobeh.
Nemelex Xobeh was extremely pleased with you.
You visited 1 branch of the dungeon, and saw 11 of its levels.
You also visited: Bailey and Gauntlet.

You collected 675 gold pieces.
You spent 104 gold pieces at shops.

Inventory:

Hand Weapons
 a - a +0 spear
 e - the +8 lance "Wyrmbane" (weapon) {slay drac, rPois rF+ rC+ AC+3}
   (You acquired it on level 1 of the Dungeon)

   AC:        It affects your AC (+3).
   rF:        It protects you from fire.
   rC:        It protects you from cold.
   rPois:     It protects you from poison.
 m - a +5 war axe
 n - a +5 falchion of freezing
 o - a +5 quarterstaff of venom
Missiles
 r - 5 throwing nets
 x - 19 poisoned darts
Armour
 b - a +0 robe
 d - an orb of light (worn)
 p - a +0 cloak
 q - a +0 ring mail of poison resistance
 s - a +0 helmet (worn)
 y - a +1 plate armour of willpower (worn)
 H - a +0 pair of boots (worn)
 J - the crystal ball of Wucad Mu {*channel}
   (You found it in a bailey)

   *Channel:  It often returns the magic spent to cast spells, but lowers their
   success rate.
   It always returns the magic spent on miscasts.
Jewellery
 h - a ring of magical power (left hand)
 t - a ring of ice
 A - a ring of flight (right hand)
Wands
 u - a wand of charming (9)
 v - a wand of acid (7)
 B - a wand of flame (16)
 F - a wand of digging (3)
Scrolls
 f - 2 scrolls of fog
 g - 3 scrolls of teleportation
 i - 3 scrolls of identify
 w - a scroll of enchant weapon
 z - a scroll of poison
 D - a scroll of amnesia
 E - a scroll of fear
 L - a scroll of brand weapon
Potions
 c - a potion of ambrosia
 j - a potion of berserk rage
 k - a potion of enlightenment
 C - a potion of brilliance
 G - a potion of degeneration
 K - 2 potions of resistance
 M - a potion of magic
Miscellaneous
 N - a phantom mirror


   Skills:
 - Level 5.3 Fighting
 + Level 12.4 Polearms
 + Level 7.9 Armour
 - Level 4.8 Dodging
 * Level 7.8 Shields


You had 10 spell levels left.
You didn't know any spells.
Your spell library contained the following spells:

 Spells                   Type           Power      Damage    Failure   Level
 Magic Dart               Conj           0%         1d3       100%        1
 Blink                    Tloc           0%         N/A       100%        2
 Call Imp                 Summ           0%         N/A       100%        2
 Lesser Beckoning         Tloc           0%         N/A       100%        2
 Momentum Strike          Conj/Tloc      0%         3d8       100%        2
 Call Canine Familiar     Summ           0%         N/A       100%        3
 Gell's Gravitas          Tloc           0%         N/A       100%        3
 Mephitic Cloud           Conj/Pois/Air  0%         N/A       100%        3
 Portal Projectile        Hex/Tloc       0%         N/A       100%        3
 Teleport Other           Tloc           0%         N/A       100%        3
 Tukima's Dance           Hex            0%         N/A       100%        3
 Leda's Liquefaction      Hex/Erth       0%         N/A       100%        4
 Summon Ice Beast         Ice/Summ       0%         N/A       100%        4
 Blade Hands              Tmut           0%         N/A       100%        5
 Summon Mana Viper        Hex/Summ       0%         N/A       100%        5
 Monstrous Menagerie      Summ           0%         N/A       100%        7


Dungeon Overview and Level Annotations

Branches:
Dungeon (11/15)            Temple (0/1) D:5            Lair (0/5) D:9
    Orc (0/2) D:11         Bailey (visited)         Gauntlet (1/1)

Altars:
Ashenzari
Kikubaaqudgha
Makhleb
Nemelex Xobeh
Vehumet

Shops:
D:3 [

Annotations:
Gauntlet 15 transporters, 21 runed translucent doors


Innate Abilities, Weirdness & Mutations

You are completely covered in large bone plates. (SH +8)
You frequently emit foul miasma when damaged in melee.
You have a sharp stinger which inflicts weakening toxins.


Message History

The bog body touches you but does no damage.
The bog body points at you and mumbles some strange words.
You resist with almost no effort.
You hit the bog body. You tail-slap the bog body.
You destroy the bog body!
The bog body's corpse disappears in a puff of smoke!
The tengu conjurer gestures wildly while chanting.
You block the worldbinder's attack.
The worldbinder hits you but does no damage.
A slime creature merges with something you can't see.
The bog body touches you.
* * * LOW HITPOINT WARNING * * *
The bog body freezes you! You resist.
* * * LOW HITPOINT WARNING * * *
You emit a cloud of foul miasma!
You feel much better.
A battlesphere comes into view.
The worldbinder calls forth creatures from the Swamp!
The tengu warrior is engulfed in dark miasma.
The tengu warrior is poisoned.
The tengu warrior barely misses you. The tengu warrior pecks you.
The tengu warrior completely misses you.
The boggart casts a spell.
The bog body touches you!
* * * LOW HITPOINT WARNING * * *
The bog body freezes you! You resist.
* * * LOW HITPOINT WARNING * * *
You block the worldbinder's attack. x2
You draw a card...
You have drawn Exile.
The tengu conjurer is devoured by a tear in reality.
The battlesphere dissipates.
The bog body is devoured by a tear in reality.
You block the worldbinder's attack. x2
The tengu warrior is engulfed in dark miasma.
The tengu warrior looks even sicker.
The tengu warrior hits you with a +1 heavy war axe.
* * * LOW HITPOINT WARNING * * *
The tengu warrior pecks you.
You die...
Your body glows with a rainbow of weird colours and disappears.

#########################
#≈............≈∩≈........
###........................
#8#..###########...########
###..#.........#...#z.###z#
#....#.##.§☼##.#.∩.###.##..
###....#.#.#g#.#.#...###.©..#
#8#..###..##Q##..#...#...##.#
###..#©#©.#§@x#..#©.©###.##..
#..#.#?.##n##..#...###....#
###..#.#?#.#g#.#.#...#...##.#
#8#..#.#.##JZJ##.#...###.###.
#######..#.#.....x...#...####...#
#........#.###########...########
#........#.#...........≈.........
...#######.#######....≈8§....####
...#©...........©#.....≈.....#©..


You could see a large slime creature (summoned), a slime creature (summoned), a
tengu warrior (summoned, very poisoned), 2 worldbinders, a bog body (summoned),
2 boggarts and a wyvern simulacrum (summoned).

Vanquished Creatures
  Harold (D:10)
  A boulder beetle (D:9)
  2 two-headed ogres
  Pikel (D:5)
  A deep elf pyromancer (Bailey)
  An orc knight (Bailey)
  A manticore (D:11)
  A troll (D:6)
  2 shadows
  10 yaks
  5 wyverns
  A basilisk (D:9)
  A steam dragon (D:10)
  4 acid dragons
  2 water moccasins (D:9)
  9 orc warriors
  An ice beast (D:5)
  3 sky beasts
  A boggart (D:8)
  4 ogres
  A lemure (D:5)
  9 centaurs
  2 kobold brigands
  6 bullfrogs
  A gnoll sergeant (D:9)
  6 scorpions
  4 wights (D:7)
  3 killer bees (D:7)
  4 howler monkeys
  7 orc priests
  2 gnoll boudas
  4 hounds
  5 jellies
  2 iguanas
  17 orc wizards
  32 gnolls
  12 adders
  A river rat (D:8)
  2 shadow imps
  3 white imps
  An ufetubus (D:6)
  A worm (D:5)
  A dart slug (D:5)
  40 orcs
  5 endoplasms
  3 giant cockroaches
  4 goblins
  3 hobgoblins
  A jackal (D:3)
  6 quokkas
  8 ball pythons
  5 bats
  2 frilled lizards (D:1)
  15 kobolds
  2 rats
272 creatures vanquished.

Vanquished Creatures (collateral kills)
  3 centaurs (D:8)
  An adder (D:8)
4 creatures vanquished.

Vanquished Creatures (others)
  A goblin (D:8)
1 creature vanquished.

Grand Total: 277 creatures vanquished

Notes
Turn   | Place    | Note
-------+----------+-------------------------------------------
     0 | D:1      | innerfire43 the Demonspawn Monk began the quest for the
                  | Orb.
     0 | D:1      | Reached XP level 1. HP: 18/18 MP: 1/1
   302 | D:1      | Gained mutation: You are partially covered in large bone
                  | plates. (SH +4) [demonic ancestry]
   302 | D:1      | Reached XP level 2. HP: 24/24 MP: 2/2
   302 | D:1      | Identified a scroll of acquirement
   302 | D:1      | Acquired the +8 lance "Wyrmbane" {slay drac, rPois rF+ rC+
                  | AC+3}
   302 | D:1      | Found the +8 lance "Wyrmbane" {slay drac, rPois rF+ rC+
                  | AC+3}
   631 | D:1      | Reached skill level 3 in Polearms
  1232 | D:2      | Found a runed translucent door.
  1233 | D:2      | Noticed Crazy Yiuf
  1426 | D:2      | Found a faded altar of an unknown god.
  1444 | D:2      | Prayed at the altar of an unknown god.
  1444 | D:2      | Became a worshipper of Nemelex Xobeh the Trickster
  1444 | D:2      | Reached * piety under Nemelex Xobeh
  1444 | D:2      | Received a gift from Nemelex Xobeh
  1444 | D:2      | Reached ** piety under Nemelex Xobeh
  1640 | D:2      | Crazy Yiuf changed into Crazy Yiuf the adder
  1640 | D:2      | Noticed Crazy Yiuf
  1644 | D:2      | Killed Crazy Yiuf the adder
  1645 | D:2      | Gained mutation: You may rarely emit foul miasma when
                  | damaged in melee. [demonic ancestry]
  1645 | D:2      | Reached XP level 3. HP: 29/29 MP: 3/3
  1699 | D:3      | Noticed an ogre
  1707 | D:3      | Killed an ogre
  1708 | D:3      | Reached skill level 1 in Shields
  1708 | D:3      | Gained mutation: You sometimes emit foul miasma when
                  | damaged in melee. [demonic ancestry]
  1708 | D:3      | Reached XP level 4. HP: 4/37 MP: 4/4
  1861 | D:3      | Reached skill level 4 in Polearms
  1861 | D:3      | Gained mutation: You have a small tail. [demonic ancestry]
  1861 | D:3      | Reached XP level 5. HP: 11/42 MP: 5/5
  2082 | D:3      | Found Afixaha's Armour Shop.
  2087 | D:3      | Bought a +0 ring mail of poison resistance for 104 gold
                  | pieces
  2240 | D:3      | Reached *** piety under Nemelex Xobeh
  2534 | D:3      | Received a gift from Nemelex Xobeh
  2681 | D:4      | Gained mutation: You have a tail ending in a sharp stinger.
                  | [demonic ancestry]
  2681 | D:4      | Reached XP level 6. HP: 41/48 MP: 6/6
  2689 | D:4      | Reached skill level 5 in Polearms
  2745 | D:4      | Gained mutation: You have a sharp stinger which inflicts
                  | weakening toxins. [demonic ancestry]
  2745 | D:4      | Reached XP level 7. HP: 53/54 MP: 7/7
  3276 | D:5      | Entered Level 5 of the Dungeon
  3290 | D:5      | Reached skill level 6 in Polearms
  3302 | D:5      | Reached skill level 1 in Armour
  3415 | D:5      | Noticed Pikel
  3427 | D:5      | Killed Pikel
  3428 | D:5      | Reached skill level 7 in Polearms
  3428 | D:5      | Gained mutation: You are mostly covered in large bone
                  | plates. (SH +6) [demonic ancestry]
  3428 | D:5      | Reached XP level 8. HP: 45/61 MP: 8/8
  3569 | D:5      | Reached skill level 5 in Fighting
  3676 | D:5      | Reached skill level 8 in Polearms
  3872 | D:5      | Found a broken altar of Ashenzari.
  4013 | D:5      | Found a staircase to the Ecumenical Temple.
  4189 | D:6      | Reached **** piety under Nemelex Xobeh
  4270 | D:6      | Gained mutation: You frequently emit foul miasma when
                  | damaged in melee. [demonic ancestry]
  4270 | D:6      | Reached XP level 9. HP: 68/68 MP: 9/9
  4502 | D:6      | You fall into a shaft and drop 3 floors!
  4813 | D:6      | Noticed a troll
  4821 | D:6      | Killed a troll
  4829 | D:6      | Reached skill level 9 in Polearms
  5130 | D:7      | Received a gift from Nemelex Xobeh
  5853 | D:7      | Gained mutation: You are completely covered in large bone
                  | plates. (SH +8) [demonic ancestry]
  5853 | D:7      | Reached XP level 10. HP: 74/74 MP: 10/10
  6270 | D:8      | Noticed Grum
  6272 | D:8      | Grum changed into Grum the jelly
  6272 | D:8      | Noticed Grum
  6281 | D:8      | Reached skill level 10 in Polearms
  6281 | D:8      | Reached skill level 5 in Armour
  6283 | D:8      | Killed Grum the jelly
  6284 | D:8      | Reached skill level 5 in Shields
  6639 | D:8      | Received a gift from Nemelex Xobeh
  7000 | D:9      | Reached ***** piety under Nemelex Xobeh
  7068 | D:9      | Reached skill level 11 in Polearms
  7231 | D:9      | Found a staircase to the Lair.
  7533 | D:9      | Noticed a two-headed ogre
  7540 | D:9      | Killed a two-headed ogre
  7541 | D:9      | Reached XP level 11. HP: 80/80 MP: 11/11
  7556 | D:9      | Found a radiant altar of Vehumet.
  7556 | D:9      | Found a faded altar of an unknown god.
  7565 | D:9      | Found a burning altar of Makhleb.
  7575 | D:9      | Found an ancient bone altar of Kikubaaqudgha.
  7577 | D:9      | Found a sparkling altar of Nemelex Xobeh.
  7882 | D:9      | Noticed a boulder beetle
  7916 | D:9      | Killed a boulder beetle
  8271 | D:10     | Entered Level 10 of the Dungeon
  8320 | D:10     | Received a gift from Nemelex Xobeh
  8382 | D:10     | Found a flagged portal.
  8392 | Bailey   | Entered a bailey
  8481 | Bailey   | Noticed an orc knight
  8489 | Bailey   | Killed an orc knight
  8496 | Bailey   | Found a large runed translucent door.
  8496 | Bailey   | Found a large runed translucent door.
  8653 | Bailey   | Noticed a deep elf pyromancer
  8655 | Bailey   | Received a gift from Nemelex Xobeh
  8655 | Bailey   | Found the crystal ball of Wucad Mu {*channel}
  8781 | Bailey   | Killed a deep elf pyromancer
  8782 | Bailey   | Reached skill level 12 in Polearms
  9238 | D:10     | Noticed Harold
  9258 | D:10     | Killed Harold
  9583 | D:11     | Found a staircase to the Orcish Mines.
  9696 | D:11     | Found a gate leading to a gauntlet.
  9725 | D:11     | Noticed a two-headed ogre
  9732 | D:11     | Killed a two-headed ogre
  9751 | Gauntlet | Entered a Gauntlet
  9751 | Gauntlet | Found a transporter.
  9751 | Gauntlet | Found a transporter.
  9763 | Gauntlet | Found a transporter.
  9765 | Gauntlet | Found a transporter.
  9765 | Gauntlet | Noticed a thrashing horror
  9769 | Gauntlet | Noticed a thrashing horror
  9772 | Gauntlet | Found a transporter.
  9773 | Gauntlet | Received a gift from Nemelex Xobeh
  9781 | Gauntlet | Found a transporter.
  9785 | Gauntlet | Found a large runed translucent door.
  9786 | Gauntlet | Found a large runed translucent door.
  9786 | Gauntlet | Noticed a dire elephant
  9787 | Gauntlet | Found the +1 cloak of Starlight {*Dazzle EV+4 Stlth--}
  9788 | Gauntlet | Found a runed translucent gate.
  9789 | Gauntlet | Found a transporter.
  9789 | Gauntlet | Found a transporter.
  9789 | Gauntlet | Found a runed translucent gate.
  9793 | Gauntlet | Found a transporter.
  9797 | Gauntlet | Found a runed translucent gate.
  9799 | Gauntlet | Found a large runed translucent door.
  9800 | Gauntlet | Found a large runed translucent door.
  9804 | Gauntlet | Found a large runed translucent door.
  9804 | Gauntlet | Found a large runed translucent door.
  9805 | Gauntlet | Found a large runed translucent door.
  9805 | Gauntlet | Found a large runed translucent door.
  9806 | Gauntlet | Found a transporter.
  9809 | Gauntlet | Found a large runed translucent door.
  9809 | Gauntlet | Found a large runed translucent door.
  9809 | Gauntlet | Found a runed translucent door.
  9809 | Gauntlet | Found a runed translucent door.
  9810 | Gauntlet | Found a large runed translucent door.
  9811 | Gauntlet | Found a large runed translucent door.
  9813 | Gauntlet | Found a transporter.
  9863 | Gauntlet | Found a transporter.
  9909 | Gauntlet | Found a transporter.
  9923 | Gauntlet | Found a transporter.
  9939 | Gauntlet | Found a large runed translucent door.
  9939 | Gauntlet | Found a large runed translucent door.
  9940 | Gauntlet | Found a large runed translucent door.
  9941 | Gauntlet | Found a large runed translucent door.
 10026 | Gauntlet | Found a transporter.
 10028 | Gauntlet | Noticed a sixfirhy
 10029 | Gauntlet | Noticed a sixfirhy
 10033 | Gauntlet | Noticed a sixfirhy
 10039 | Gauntlet | Noticed a sixfirhy
 10042 | Gauntlet | Found a transporter.
 10243 | Gauntlet | Noticed a goliath frog
 10243 | Gauntlet | Noticed a bog body
 10243 | Gauntlet | Noticed a bog body
 10246 | Gauntlet | Noticed a tengu warrior
 10257 | Gauntlet | Noticed a bog body
 10257 | Gauntlet | Noticed a bog body
 10262 | Gauntlet | Noticed a bog body
 10262 | Gauntlet | HP: 1/80 [tengu warrior/+1 heavy war axe[a boggart] (6)]
 10262 | Gauntlet | Slain by a tengu warrior

Illustrated notes

Levels and vault maps discovered:
D:1:      tarquinn_simple_flora_water_d, layout_basic, chequers_mini_garden,
          minmay_tiny_reverse_x
D:2:      layout_basic, ebering_ecumenical_altar_box, minmay_split_cup_large,
          uniq_crazy_yiuf_cottage
D:3:      layout_loops_ring, serial_shops, nicolae_shop_rolling_square,
          minivault_27
D:4:      layout_cave_pools
D:5:      layout_rooms, grunt_temple_overflow_open,
          minmay_temple_entry_antechambers, grunt_ministairs_15,
          saegor_snake_ambush, uniq_pikel
D:6:      kennysheep_big_flooded_room, layout_loops_ring
D:7:      layout_layer_cave, minmay_a_box_with_orc_wizards_in_it
D:8:      layout_rooms, hangedman_decor_peaks_small, uniq_grum
D:9:      layout_loops_corners, chequers_temple_overflow_minitemple,
          minmay_lair_entry_grove
D:10:     layout_irregular_city, enter_bailey_2, uniq_harold
D:11:     layout_rooms, minmay_orc_entry_temple_small, gauntlet_entry_generic,
          kennysheep_small_square
Gauntlet: gammafunk_gauntlet_branching [gammafunk_gauntlet_arena_crates,
          gammafunk_gauntlet_arena_corners, gammafunk_gauntlet_arena_grid,
          nicolae_gauntlet_arena_blocks, gammafunk_gauntlet_arena_teeth,
          nicolae_gauntlet_arena_quarters, gammafunk_gauntlet_arena_open,
          minmay_gauntlet_arena_make_your_own_arena,
          dreamdust_gauntlet_exit_labyrinth]

Skill      XL: |  1  2  3  4  5  6  7  8  9 10 11 |
---------------+----------------------------------+-----
Dodging        | 3 4 |  4.8
Polearms       | 3 4 5 7 8 9 11 12 | 12.4
Shields        | 1 2 3 4 6 7 |  7.8
Fighting       | 4 5 |  5.3
Armour         | 1 2 4 6 7 |  7.9

Action                     |  1- 3 |  4- 6 |  7- 9 | 10-12 || total
---------------------------+-------+-------+-------+-------++-------
  Melee: Spear             |    24 |       |       |       ||    24
         Lance             |    29 |    66 |   310 |   383 ||   788
         Tailslap          |       |     5 |    44 |    60 ||   109
 Invoke: Draw Destruction  |     2 |     6 |       |     9 ||    17
         Draw Summoning    |       |       |       |     1 ||     1
         Draw Escape       |       |       |       |     1 ||     1
    Use: Scroll            |     1 |       |     7 |    12 ||    20
         Potion            |       |       |       |     4 ||     4
 Armour: Robe              |     6 |     4 |       |       ||    10
         Ring mail         |       |    14 |    22 |       ||    36
         Plate armour      |       |       |    34 |   116 ||   150
         Skin              |       |       |       |    14 ||    14
  Dodge: Dodged            |    18 |    21 |    48 |    68 ||   155
  Block: Orb               |     5 |     9 |    44 |    93 ||   151

Table legend: (Time is in decaauts)
 A = Elapsed time spent in this place.
 B = Non-inter-level travel time spent in this place.
 C = Inter-level travel time spent in this place.
 D = Time resting spent in this place.
 E = Time spent auto-exploring this place.
 F = Levels seen in this place.
 G = Mean time per level.
                   A        B        C        D        E       F      G
               +--------+--------+--------+--------+--------+-----+--------+
         Total |   9991 |   9598 |    393 |      0 |   8120 |  13 |  768.5 |
       Dungeon |   9054 |   8661 |    393 |      0 |   7439 |  11 |  823.1 |
        Bailey |    431 |    431 |      0 |      0 |    316 |   1 |  431.0 |
      Gauntlet |    504 |    504 |      0 |      0 |    365 |   1 |  504.0 |
               +--------+--------+--------+--------+--------+-----+--------+

Top non-repeatable levels by time:
     D:9: 1262 daAuts
     D:7: 1218 daAuts
     D:1: 950 daAuts
     D:3: 940 daAuts
     D:5: 888 daAuts
     D:6: 782 daAuts
    D:10: 754 daAuts
     D:2: 734 daAuts
     D:8: 669 daAuts
     D:4: 636 daAuts
Gauntlet: 504 daAuts
  Bailey: 431 daAuts
    D:11: 216 daAuts
